[Event "Skalica Open 2019"]
[Site "Skalica"]
[Date "2019.08.25"]
[Round "1.17"]
[White "Karas, Marek"]
[Black "Chan, Naruna"]
[Result "1-0"]
[ECO "D30"]
[WhiteElo "2233"]
[BlackElo "1950"]
[Annotator "NA"]
[PlyCount "101"]
[EventDate "2019.08.25"]
[EventType "swiss"]
[EventCountry "SVK"]
[SourceTitle "playchess.com"]
[Source "ChessBase"]
[SourceQuality "1"]
[TimeControl "40/5400+30:1800+30"]

1. d4 d5 2. c4 e6 3. Nf3 Nf6 4. e3 Be7 5. Bd3 O-O 6. O-O a6 7. Nbd2 c5 8. dxc5 Bxc5 9. a3 dxc4 10. Nxc4 b5 11. Nce5 Bb7 12. Qe2 Bd6 13. b4 Nbd7 14. Bb2 Nxe5 15. Nxe5 Bxe5 16. Bxe5 Bxg2 17. Rfd1 Bd5 18. e4 Bc6 19. Rac1 Nd7 20. Bb2 Rc8 21. Qg4 Nf6 22. Qf4 Qe7 23. Rc5 Rfd8 24. Rg5 Ne8 25. Rg3 f6 26. Kh1 e5 27. Qh4 Bd7 28. Rdg1 Be6 29. Bf1 Rd2 30. Bxe5 Rxf2 31. Bd4 Rxf1 32. Rxf1 Kh8 33. e5 Qb7+ 34. Kg1 f5 35. Rh3 h6 36. Bc5 Nc7 37. Qf4 Nd5 38. Qd2 Re8 39. Rd3 Nb6 40. Rd8 Rg8 41. Rxg8+ Bxg8 42. Qg2 Qc7 43. Rxf5 Nc4 44. Qe4 Qd7 45. Bd4 Qe8 46. Rf2 Qh5 47. h4 Bh7 48. Rf8+ Bg8 49. e6 Qd1+ 50. Kh2 Qd2+ 51. Rf2 1-0

[Event "Skalica Open 2019"]
[Site "Skalica"]
[Date "2019.08.25"]
[Round "1.18"]
[White "Kovarikova, Maria"]
[Black "Bochnicka, Vladimir"]
[Result "1/2-1/2"]
[ECO "B25"]
[WhiteElo "1854"]
[BlackElo "2193"]
[Annotator "NA"]
[PlyCount "78"]
[EventDate "2019.08.25"]
[EventType "swiss"]
[EventCountry "SVK"]
[SourceTitle "playchess.com"]
[Source "ChessBase"]
[SourceQuality "1"]
[TimeControl "40/5400+30:1800+30"]

1. e4 c5 2. Nc3 Nc6 3. g3 g6 4. Bg2 Bg7 5. d3 d6 6. f4 e5 7. Nh3 Nge7 8. O-O O-O 9. f5 gxf5 10. Qh5 Nd4 11. Bh6 Bxh6 12. Qxh6 f6 13. exf5 Bxf5 14. Nd5 Nxd5 15. Bxd5+ Be6 16. Be4 Qd7 17. Nf2 f5 18. Bg2 Qg7 19. Qd2 f4 20. c3 Nf5 21. g4 Ne3 22. Rfe1 Nxg2 23. Kxg2 Bxg4 24. Rg1 Rf6 25. Nxg4 Rg6 26. Kh1 Kh8 27. Nf2 Rg8 28. Rxg6 Qxg6 29. Ne4 d5 30. Nxc5 b6 31. Nb3 f3 32. Qf2 Qxd3 33. Re1 Rg2 34. Qh4 Qg6 35. Qd8+ Kg7 36. Qe7+ Kg8 37. Qd8+ Kg7 38. Qe7+ Kg8 39. Qd8+ Kg7 1/2-1/2

[Event "Skalica Open 2019"]
[Site "Skalica"]
[Date "2019.08.25"]
[Round "1.23"]
[White "Londin, Martin"]
[Black "Hrubsa, Marian"]
[Result "0-1"]
[ECO "C01"]
[WhiteElo "1930"]
[BlackElo "1888"]
[Annotator "NA"]
[PlyCount "72"]
[EventDate "2019.08.25"]
[EventType "swiss"]
[EventCountry "SVK"]
[SourceTitle "playchess.com"]
[Source "ChessBase"]
[SourceQuality "1"]
[TimeControl "40/5400+30:1800+30"]

1. e4 e6 2. d4 d5 3. exd5 exd5 4. Nc3 c6 5. Nf3 Bd6 6. Bd3 Ne7 7. O-O O-O 8. Bd2 Bf5 9. Bxf5 Nxf5 10. Re1 Nd7 11. Be3 Re8 12. Qd3 Nh4 13. Bd2 Nxf3+ 14. Qxf3 Qh4 15. g3 Qxd4 16. Be3 Qf6 17. Qxf6 Nxf6 18. Re2 Ne4 19. Nxe4 Rxe4 20. c3 Rae8 21. Rae1 f5 22. Kf1 b6 23. f3 R4e6 24. Kf2 h6 25. h4 Rg6 26. f4 h5 27. Kf3 Rge6 28. Kf2 Kf7 29. Kf3 Re4 30. Kf2 R8e6 31. b3 g6 32. Kf3 Ke7 33. Rd2 Kd7 34. Rd3 Kc7 35. Ke2 Bc5 36. Kd2 d4 0-1

[Event "Skalica Open 2019"]
[Site "Skalica"]
[Date "2019.08.25"]
[Round "1.24"]
[White "Palka, Miroslav"]
[Black "Ralbovsky, Milan"]
[Result "1-0"]
[ECO "A10"]
[WhiteElo "1869"]
[BlackElo "1340"]
[Annotator "NA"]
[PlyCount "69"]
[EventDate "2019.08.25"]
[EventType "swiss"]
[EventCountry "SVK"]
[SourceTitle "playchess.com"]
[Source "ChessBase"]
[SourceQuality "1"]
[TimeControl "40/5400+30:1800+30"]

1. c4 g6 2. e4 e6 3. Nc3 b6 4. d4 Bg7 5. Be3 Bb7 6. f3 d6 7. Qd2 Nd7 8. O-O-O Ne7 9. g4 c6 10. h4 f6 11. Bh6 Rg8 12. Bxg7 Rxg7 13. Nh3 Ng8 14. d5 e5 15. dxc6 Bxc6 16. Qxd6 Rc8 17. Kb1 Qe7 18. Qd2 Rd8 19. Nd5 Bxd5 20. cxd5 Rc8 21. Ba6 Rc5 22. b4 Rxd5 23. exd5 f5 24. Ng5 Ngf6 25. Rc1 Qd6 26. Ne6 Re7 27. Rc8+ Kf7 28. Ng5+ Kg7 29. Rd1 fxg4 30. Rc6 Qb8 31. Ne6+ Kh8 32. Rc8+ Ne8 33. Rxb8 Nxb8 34. Qh6 Nxa6 35. Qf8# 1-0

[Event "Skalica Open 2019"]
[Site "Skalica"]
[Date "2019.08.26"]
[Round "2.1"]
[White "Sahidi, Samir"]
[Black "Demidov, Mikhail"]
[Result "0-1"]
[ECO "B06"]
[WhiteElo "2366"]
[BlackElo "2556"]
[Annotator "ChessBase"]
[PlyCount "120"]
[EventDate "2019.08.25"]
[EventType "swiss"]
[EventCountry "SVK"]
[SourceTitle "playchess.com"]
[Source "ChessBase"]
[SourceQuality "1"]
[TimeControl "40/5400+30:1800+30"]

1. d4 g6 2. e4 Bg7 3. Nc3 d6 4. Be3 a6 5. Qd2 b5 6. f3 Bb7 7. h4 h5 8. Nh3 Nf6 9. Be2 Nbd7 10. O-O e6 11. a4 b4 12. Na2 a5 13. c4 bxc3 14. Nxc3 O-O 15. Bg5 Qb8 16. Rfc1 Rc8 17. Nb5 c6 18. Na3 Ba6 19. Bxa6 Rxa6 20. Bf4 Ne8 21. Kh1 c5 22. Be3 cxd4 23. Rxc8 Qxc8 24. Bxd4 Bxd4 25. Qxd4 Qc5 26. Rd1 Qxd4 27. Rxd4 Rb6 28. Nb5 Kf8 29. Ng5 Rc6 30. Kh2 Ke7 31. Na3 Nb6 32. Nb5 e5 33. Rd3 f6 34. Nh3 Nxa4 35. Ra3 Nxb2 36. Rxa5 Rc5 37. Ra7+ Kf8 38. Rb7 Nd3 39. Rb6 Ke7 40. Rb7+ Kd8 41. Rb6 Kd7 42. Rb7+ Nc7 43. Nxc7 Rxc7 44. Rb8 Rc2 45. Kg1 f5 46. Rg8 fxe4 47. fxe4 Re2 48. Rg7+ Kc6 49. Rxg6 Rxe4 50. Rh6 Re1+ 51. Kh2 e4 52. Ng5 Ne5 53. Kg3 Kd5 54. Rxh5 Rf1 55. Nxe4 Kxe4 56. Rh8 d5 57. h5 d4 58. h6 Rh1 59. h7 d3 60. Kf2 d2 0-1

[Event "Skalica Open 2019"]
[Site "Skalica"]
[Date "2019.08.26"]
[Round "2.3"]
[White "Vykouk, Jan"]
[Black "Komliakov, Viktor"]
[Result "1/2-1/2"]
[ECO "B11"]
[WhiteElo "2477"]
[BlackElo "2366"]
[Annotator "ChessBase"]
[PlyCount "103"]
[EventDate "2019.08.25"]
[EventType "swiss"]
[EventCountry "SVK"]
[SourceTitle "playchess.com"]
[Source "ChessBase"]
[SourceQuality "1"]
[TimeControl "40/5400+30:1800+30"]

1. e4 c6 2. Nc3 d5 3. Nf3 Bg4 4. h3 Bxf3 5. Qxf3 e6 6. g3 Nf6 7. Bg2 Bb4 8. O-O Bxc3 9. Qxc3 dxe4 10. b3 Nbd7 11. Bb2 Nb6 12. Rfe1 Nbd5 13. Qe5 Qc7 14. Qxc7 Nxc7 15. Bxe4 Nxe4 16. Rxe4 f6 17. d4 Kf7 18. c4 Rhe8 19. Rae1 Na6 20. Bc3 Rad8 21. g4 c5 22. f4 cxd4 23. Rxd4 Rxd4 24. Bxd4 b6 25. Kf2 Rd8 26. Ke3 h5 27. g5 Nb4 28. Re2 Nc6 29. Bc3 Rd1 30. Re1 Rd7 31. Re2 Rd1 32. Rd2 Rh1 33. Rd7+ Kg6 34. gxf6 gxf6 35. Rd6 Rxh3+ 36. Kd2 Rh2+ 37. Kd1 Ne7 38. Rxe6 Ng8 39. Re2 Rxe2 40. Kxe2 Kf5 41. Kf3 Ne7 42. b4 Ng6 43. Bd2 h4 44. Be3 h3 45. c5 bxc5 46. Bxc5 Nxf4 47. Kg3 a6 48. a4 Ke6 49. b5 axb5 50. axb5 Kd7 51. Be3 Nd5 52. Bg1 1/2-1/2

[Event "Skalica Open 2019"]
[Site "Skalica"]
[Date "2019.08.26"]
[Round "2.4"]
[White "Czebe, Attila"]
[Black "Jablonicky, Martin"]
[Result "1-0"]
[ECO "A45"]
[WhiteElo "2413"]
[BlackElo "2343"]
[Annotator "ChessBase"]
[PlyCount "122"]
[EventDate "2019.08.25"]
[EventType "swiss"]
[EventCountry "SVK"]
[SourceTitle "playchess.com"]
[Source "ChessBase"]
[SourceQuality "1"]
[TimeControl "40/5400+30:1800+30"]

1. d4 Nf6 2. g3 g6 3. Bg2 Bg7 4. e4 O-O 5. e5 Ne8 6. Nf3 d6 7. O-O Nc6 8. exd6 exd6 9. Bg5 Nf6 10. Qc1 Bg4 11. Qf4 Bxf3 12. Bxf3 h6 13. Bxf6 Qxf6 14. Qxf6 Bxf6 15. c3 Ne7 16. Na3 d5 17. Nc2 c6 18. Bg4 h5 19. Bh3 Nc8 20. Bxc8 Raxc8 21. Nb4 Rfe8 22. Rfe1 Kf8 23. Nd3 Rxe1+ 24. Rxe1 b6 25. Kg2 Re8 26. Rxe8+ Kxe8 27. h4 a5 28. f4 Kd7 29. f5 Kd6 30. fxg6 fxg6 31. Nf4 c5 32. dxc5+ Kxc5 33. Nxg6 d4 34. cxd4+ Bxd4 35. Nf4 Kc4 36. Nxh5 Bxb2 37. g4 b5 38. g5 b4 39. Nf6 a4 40. h5 b3 41. axb3+ axb3 42. h6 Bxf6 43. gxf6 b2 44. f7 b1=Q 45. f8=Q Qg6+ 46. Kh3 Kd5 47. Qg7 Qd3+ 48. Kh4 Qe4+ 49. Qg4 Qe1+ 50. Kh5 Qe8+ 51. Qg6 Qe2+ 52. Kg5 Qg2+ 53. Kf6 Qb2+ 54. Kf7 Qb7+ 55. Kg8 Qb8+ 56. Kg7 Qe5+ 57. Qf6 Qg3+ 58. Kf7 Qc7+ 59. Kg6 Ke4 60. h7 Qg3+ 61. Kh5 Kd5 1-0

[Event "Skalica Open 2019"]
[Site "Skalica"]
[Date "2019.08.26"]
[Round "2.5"]
[White "Kuna, Martin"]
[Black "Pulpan, Jakub"]
[Result "0-1"]
[ECO "A45"]
[WhiteElo "1969"]
[BlackElo "2397"]
[Annotator "ChessBase"]
[PlyCount "76"]
[EventDate "2019.08.25"]
[EventType "swiss"]
[EventCountry "SVK"]
[SourceTitle "playchess.com"]
[Source "ChessBase"]
[SourceQuality "1"]
[TimeControl "40/5400+30:1800+30"]

1. d4 Nf6 2. Bf4 d5 3. e3 c5 4. c3 Nc6 5. Nd2 e6 6. Ngf3 Be7 7. h3 Bd6 8. Bxd6 Qxd6 9. Bd3 O-O 10. O-O b6 11. e4 cxd4 12. cxd4 dxe4 13. Nxe4 Nxe4 14. Bxe4 Bb7 15. d5 Nb4 16. Ng5 f5 17. Nxe6 fxe4 18. Nxf8 Rxf8 19. Qa4 Bxd5 20. Rad1 Nd3 21. Qd4 Nf4 22. Qxe4 Bxe4 23. Rxd6 Bxg2 24. Re1 Bxh3 25. Re7 Bg4 26. Rxa7 Nh3+ 27. Kh2 b5 28. Rb6 Rxf2+ 29. Kg3 h5 30. Rbb7 Rf3+ 31. Kh2 Kh7 32. Rxg7+ Kh6 33. Rh7+ Kg5 34. Rhf7 Rd3 35. Kg2 Kh4 36. Ra3 Rd2+ 37. Kf1 Rxb2 38. Rb3 Rxa2 0-1

[Event "Skalica Open 2019"]
[Site "Skalica"]
[Date "2019.08.26"]
[Round "2.9"]
[White "Aleksandrovskiy, Dmitriy"]
[Black "Husek, Martin"]
[Result "1-0"]
[ECO "A00"]
[WhiteElo "2284"]
[BlackElo "2182"]
[Annotator "NA"]
[PlyCount "87"]
[EventDate "2019.08.25"]
[EventType "swiss"]
[EventCountry "SVK"]
[SourceTitle "playchess.com"]
[Source "ChessBase"]
[SourceQuality "1"]
[TimeControl "40/5400+30:1800+30"]

1. g3 c5 2. Bg2 Nc6 3. Nf3 g6 4. c3 Bg7 5. O-O e5 6. d3 Nge7 7. e4 O-O 8. Bg5 {[%emt 0:06:56] A04: Unusual lines after 1 Nf3 and King's Indian Attack} (8. a3 a5 9. a4 d5 10. Na3 d4 11. cxd4 cxd4 12. Nc4 Rb8 13. b3 b5 14. axb5 Rxb5 15. Ba3 Nb4 16. Bxb4 axb4 {1-0 (37) Maghsoodloo,P (2673)-Grandelius,N (2694) Astana 2019}) 8... h6 9. Be3 d6 10. b4 $146 ({Predecessor:} 10. Qd2 Kh7 11. d4 cxd4 12. cxd4 d5 13. Nxe5 dxe4 14. Bxe4 Nxe5 15. dxe5 Qxd2 16. Nxd2 Bxe5 {0-1 (81) Bjornsson,S (2327)-Kukula,P (2211) Warsaw 2015}) 10... cxb4 11. cxb4 Kh7 12. b5 Nd4 13. Bxd4 exd4 14. Nbd2 Be6 15. Qa4 Qb6 16. Rfc1 Rfc8 17. Nc4 Qc5 18. Nfd2 a6 (18... d5 $5 19. Nb3 Qc7 $11) 19. b6 d5 20. exd5 Nxd5 21. Ne4 Qb5 22. Qd1 Qd7 23. Na5 Nxb6 24. Nc5 Qe7 25. Nxe6 Qxe6 26. Bxb7 Rxc1 27. Qxc1 Re8 28. Qc6 Qxc6 29. Nxc6 Re6 $14 30. a4 Nd5 31. Nd8 Rd6 32. Nxf7 Rd7 33. Bc6 Rxf7 34. Bxd5 Rf5 35. Bc4 Ra5 36. f4 g5 37. f5 Be5 38. Re1 Bf6 39. Re6 Kg7 40. Rxa6 Rxf5 41. Ra7+ Kf8 42. Rf7+ Ke8 43. a5 g4 44. a6 1-0

[Event "Skalica Open 2019"]
[Site "Skalica"]
[Date "2019.08.26"]
[Round "2.11"]
[White "Kuznetsov, Mikhail V."]
[Black "Khmelev, Mikhail"]
[Result "1-0"]
[ECO "A47"]
[WhiteElo "2261"]
[BlackElo "2021"]
[Annotator "ChessBase"]
[PlyCount "111"]
[EventDate "2019.08.25"]
[EventType "swiss"]
[EventCountry "SVK"]
[SourceTitle "playchess.com"]
[Source "ChessBase"]
[SourceQuality "1"]
[TimeControl "40/5400+30:1800+30"]

1. d4 Nf6 2. Nf3 b6 3. g3 Bb7 4. Bg2 c5 5. c4 cxd4 6. O-O Bxf3 7. Bxf3 Nc6 8. Qa4 Rc8 9. Rd1 Ne5 10. Rxd4 Nxf3+ 11. exf3 Qc7 12. Nc3 Qb7 13. Bg5 Qc6 14. Qa6 d6 15. Re1 e6 16. Bxf6 gxf6 17. Nd5 Qa8 18. Qa4+ Kd8 19. Nxf6 Rc6 20. Red1 Be7 21. Ne4 Kc7 22. b4 e5 23. R4d3 f5 24. Nc3 Rd8 25. Nd5+ Kd7 26. c5 bxc5 27. b5 Rb6 28. Nxb6+ axb6 29. Qc4 Rf8 30. a4 h5 31. f4 e4 32. Ra3 Qa5 33. h4 Bf6 34. Qd5 Bd4 35. Rxd4 cxd4 36. Qxd4 Rc8 37. Re3 Rc5 38. f3 d5 39. fxe4 fxe4 40. Rxe4 Qc3 41. Qxc3 Rxc3 42. Re5 Rxg3+ 43. Kf2 Rd3 44. Ke2 Ra3 45. Rxd5+ Ke6 46. Rxh5 Rxa4 47. Kf3 Rb4 48. Kg4 Kf7 49. Rg5 Rb1 50. Rf5+ Kg7 51. Rd5 Rg1+ 52. Kf5 Rb1 53. Rd7+ Kh8 54. Rb7 Rh1 55. Rxb6 Rxh4 56. Ke4 1-0

[Event "Skalica Open 2019"]
[Site "Skalica"]
[Date "2019.08.26"]
[Round "2.14"]
[White "Benes, Miroslav"]
[Black "Matejovic, Juraj"]
[Result "1/2-1/2"]
[ECO "D80"]
[WhiteElo "2107"]
[BlackElo "2237"]
[Annotator "ChessBase"]
[PlyCount "117"]
[EventDate "2019.08.25"]
[EventType "swiss"]
[EventCountry "SVK"]
[SourceTitle "playchess.com"]
[Source "ChessBase"]
[SourceQuality "1"]
[TimeControl "40/5400+30:1800+30"]

1. d4 Nf6 2. c4 g6 3. Nc3 d5 4. e3 Bg7 5. Qb3 c6 6. cxd5 cxd5 7. Bb5+ Nc6 8. Nf3 O-O 9. O-O Qd6 10. Bd2 Bg4 11. Be2 Na5 12. Qa4 Bxf3 13. gxf3 Nc6 14. f4 a6 15. Rfc1 b5 16. Qd1 Rfc8 17. Qf1 Nd7 18. Bf3 e6 19. a3 Nb6 20. b3 Bf8 21. Nd1 Qd8 22. Nb2 Bd6 23. Nd3 Qe7 24. Nc5 Nd7 25. Bb4 Nxc5 26. Bxc5 Na5 27. Rc3 Rc6 28. b4 Nc4 29. a4 Nd2 30. Qe2 Nxf3+ 31. Qxf3 bxa4 32. Rxa4 Qb7 33. Rca3 Bxc5 34. bxc5 Qb1+ 35. Kg2 Rb8 36. Ra1 Qd3 37. R4a3 Qc4 38. R3a2 Qd3 39. f5 Rb1 40. Rxb1 Qxb1 41. fxe6 fxe6 42. Qe2 Qf5 43. f3 Rc8 44. Rxa6 Qg5+ 45. Kh1 Rb8 46. Ra1 Rb3 47. Re1 Qf6 48. Rc1 Qg5 49. f4 Qf5 50. Qd2 Rd3 51. Qg2 Qh5 52. Qf2 Rd1+ 53. Rxd1 Qxd1+ 54. Kg2 Qg4+ 55. Kf1 Qd1+ 56. Qe1 Qf3+ 57. Kg1 Qg4+ 58. Kh1 Qf3+ 59. Kg1 1/2-1/2

[Event "Skalica Open 2019"]
[Site "Skalica"]
[Date "2019.08.26"]
[Round "2.15"]
[White "Gasa, Patrik"]
[Black "Havelka, Ondrej"]
[Result "1/2-1/2"]
[ECO "D02"]
[WhiteElo "2187"]
[BlackElo "2112"]
[Annotator "ChessBase"]
[PlyCount "81"]
[EventDate "2019.08.25"]
[EventType "swiss"]
[EventCountry "SVK"]
[SourceTitle "playchess.com"]
[Source "ChessBase"]
[SourceQuality "1"]
[TimeControl "40/5400+30:1800+30"]

1. Nf3 d5 2. d4 Nf6 3. g3 e6 4. Bg2 Be7 5. O-O O-O 6. c4 c6 7. b3 b6 8. Bb2 Bb7 9. Nbd2 Na6 10. Ne5 c5 11. e3 Rc8 12. Rc1 Qc7 13. a3 dxc4 14. Rxc4 Bxg2 15. Kxg2 Rfd8 16. Qf3 Bd6 17. Nd3 Bf8 18. Ne4 Nxe4 19. Qxe4 b5 20. Rc3 Qb8 21. Rfc1 cxd4 22. Rxc8 Rxc8 23. Rxc8 Qxc8 24. Qxd4 Qb7+ 25. Kg1 f6 26. Qd8 Kf7 27. b4 Be7 28. Qd4 Nc7 29. Qd7 Qd5 30. Qxc7 Qxd3 31. Bd4 a6 32. Bc5 Qb1+ 33. Kg2 Qe4+ 34. Kf1 Qb1+ 35. Ke2 Qc2+ 36. Kf3 Qf5+ 37. Kg2 Qe4+ 38. Kf1 Qb1+ 39. Ke2 Qc2+ 40. Kf3 Qf5+ 41. Kg2 1/2-1/2

[Event "Skalica Open 2019"]
[Site "Skalica"]
[Date "2019.08.26"]
[Round "2.16"]
[White "Kalisky, Vladimir"]
[Black "Hrbek, Stepan"]
[Result "1-0"]
[ECO "D04"]
[WhiteElo "2179"]
[BlackElo "2066"]
[Annotator "NA"]
[PlyCount "65"]
[EventDate "2019.08.25"]
[EventType "swiss"]
[EventCountry "SVK"]
[SourceTitle "playchess.com"]
[Source "ChessBase"]
[SourceQuality "1"]
[TimeControl "40/5400+30:1800+30"]

1. d4 d5 2. Nf3 Nf6 3. e3 c5 4. b3 Nc6 5. Bb2 Bg4 6. Be2 e6 7. Nbd2 Be7 8. O-O O-O 9. h3 Bh5 10. Rc1 Rc8 11. c4 cxd4 12. Nxd4 Bxe2 13. Qxe2 Qa5 14. cxd5 Nxd5 15. Nxc6 Rxc6 $14 16. Rxc6 bxc6 17. Ra1 Bf6 18. Nc4 Qb5 19. Bxf6 Nxf6 20. Rd1 Nd5 21. Qd2 c5 22. Qb2 a5 23. e4 Nb4 24. Rd6 a4 25. Nb6 axb3 26. Qxb3 Qe2 27. Nd7 Re8 28. a3 Nc2 29. Qg3 Ra8 30. Nf6+ Kh8 31. Rd7 Rf8 32. Rxf7 Qd1+ 33. Kh2 1-0

[Event "Skalica Open 2019"]
[Site "Skalica"]
[Date "2019.08.26"]
[Round "2.18"]
[White "Sefcik, Marek"]
[Black "Kapusta, Petr"]
[Result "0-1"]
[ECO "B53"]
[WhiteElo "2024"]
[BlackElo "2157"]
[Annotator "ChessBase"]
[PlyCount "105"]
[EventDate "2019.08.25"]
[EventType "swiss"]
[EventCountry "SVK"]
[SourceTitle "playchess.com"]
[Source "ChessBase"]
[SourceQuality "1"]
[TimeControl "40/5400+30:1800+30"]

1. e4 c5 2. Nf3 d6 3. d4 cxd4 4. Qxd4 Nc6 5. Bb5 Bd7 6. Bxc6 Bxc6 7. Nc3 h6 8. Be3 Nf6 9. h3 e5 10. Qd3 Be7 11. O-O-O O-O 12. g4 Qa5 13. Nd2 b5 14. Nb3 Qc7 15. g5 hxg5 16. Bxg5 b4 17. Bxf6 bxc3 18. Bxe7 cxb2+ 19. Kxb2 Qxe7 20. Qxd6 Qxd6 21. Rxd6 Bxe4 22. Re1 Bf5 23. Rxe5 Bxh3 24. Ra5 Rfe8 25. c4 Re4 26. Rd4 Re2+ 27. Rd2 Re7 28. Kc3 Rc8 29. c5 g6 30. Rd6 Rcc7 31. Nd4 Re5 32. Kb4 Rb7+ 33. Rb5 Rc7 34. c6 Re1 35. Ka5 Rc1 36. Rb2 Kf8 37. Re2 Rc4 38. Re5 Kg7 39. a4 Bg2 40. Nb5 Bxc6 41. Red5 Rb7 42. Rd4 Rc5 43. Kb4 Rc2 44. Kb3 Rc1 45. Rb4 a5 46. Rxc6 Rb1+ 47. Ka3 Rxb4 48. Ra6 R4xb5 49. axb5 Rxb5 50. Ka4 Rf5 51. Rxa5 Rxf2 52. Kb4 Rc2 53. Ka4 0-1

[Event "Skalica Open 2019"]
[Site "Skalica"]
[Date "2019.08.26"]
[Round "2.19"]
[White "Chan, Naruna"]
[Black "Bilczewski, Kacper"]
[Result "1/2-1/2"]
[ECO "C41"]
[WhiteElo "1950"]
[BlackElo "2116"]
[Annotator "NA"]
[PlyCount "81"]
[EventDate "2019.08.25"]
[EventType "swiss"]
[EventCountry "SVK"]
[SourceTitle "playchess.com"]
[Source "ChessBase"]
[SourceQuality "1"]
[TimeControl "40/5400+30:1800+30"]

1. e4 d6 2. d4 Nf6 3. Nc3 e5 4. Nf3 Nbd7 5. Bc4 Be7 6. O-O O-O 7. h3 c6 8. a4 a5 9. Ba2 Qc7 10. Re1 Nb6 11. Be3 Nfd7 12. Qe2 exd4 13. Nxd4 Nc5 14. Nf5 Bxf5 15. exf5 Bf6 16. Qg4 Nbd7 17. Bf4 Ne5 18. Qh5 Rae8 $11 (18... Qb6 $5 19. Rab1 Rae8 $15) 19. Re3 d5 20. Rg3 Kh8 21. Rd1 Qc8 22. Rf1 g6 23. fxg6 fxg6 24. Qd1 Bg7 25. Be3 Ne6 26. Ne2 Qd8 27. Qd2 Qh4 28. Nd4 Nxd4 29. Bxd4 Nf3+ 30. Rxf3 Qxd4 31. Qxd4 Bxd4 32. Rxf8+ Rxf8 33. c3 Bc5 34. Bb1 Kg7 35. g3 Re8 36. Bd3 Kf6 37. Kg2 Re7 38. Rd1 Re8 39. h4 h6 40. Kf1 Re7 41. Re1 {[%emt 0:30:20] Ke5} 1/2-1/2

[Event "Skalica Open 2019"]
[Site "Skalica"]
[Date "2019.08.26"]
[Round "3.1"]
[White "Demidov, Mikhail"]
[Black "Lanka, Zigurds"]
[Result "1-0"]
[ECO "B24"]
[WhiteElo "2556"]
[BlackElo "2395"]
[Annotator "ChessBase"]
[PlyCount "123"]
[EventDate "2019.08.25"]
[EventType "swiss"]
[EventCountry "SVK"]
[SourceTitle "playchess.com"]
[Source "ChessBase"]
[SourceQuality "1"]
[TimeControl "40/5400+30:1800+30"]

1. Nc3 c5 2. e4 Nc6 3. Bc4 g6 4. a3 Bg7 5. d3 d6 6. Ba2 Nf6 7. Nge2 e5 8. O-O Be6 9. Bxe6 fxe6 10. f4 Qd7 11. fxe5 Nxe5 12. Bg5 O-O 13. Qd2 Rf7 14. h3 Raf8 15. Ng3 h5 16. Rae1 a6 17. Nce2 Nh7 18. Bh6 Rxf1+ 19. Rxf1 Rxf1+ 20. Nxf1 Bf6 21. Be3 g5 22. b3 Qf7 23. Nh2 Be7 24. Ng3 Qg6 25. Qa5 g4 26. hxg4 Nxg4 27. Nxg4 Qxg4 28. Nf1 h4 29. Qd2 Bf6 30. Nh2 Qh5 31. Qe1 Nf8 32. Qf1 Kg7 33. Qf3 Qxf3 34. Nxf3 Kg6 35. e5 Bxe5 36. Nxe5+ dxe5 37. Bxc5 Nd7 38. Be7 Kf5 39. Bxh4 e4 40. dxe4+ Kxe4 41. Kf2 Nb6 42. Bg5 Nd5 43. g4 Nc3 44. a4 e5 45. Bd2 Nd5 46. Kg3 Nc7 47. Kh4 Ne6 48. g5 Kf5 49. Kh5 Nf8 50. c4 Ng6 51. b4 e4 52. b5 Ne5 53. c5 axb5 54. axb5 Ke6 55. g6 Nd7 56. Kh6 Nf6 57. Bg5 Ne8 58. Be3 Nf6 59. Bd4 Nd5 60. g7 Ne7 61. Kh7 Kd5 62. Bf6 1-0

[Event "Skalica Open 2019"]
[Site "Skalica"]
[Date "2019.08.26"]
[Round "3.3"]
[White "Komliakov, Viktor"]
[Black "Maiorov, Nikita"]
[Result "1/2-1/2"]
[ECO "C54"]
[WhiteElo "2366"]
[BlackElo "2512"]
[Annotator "ChessBase"]
[PlyCount "24"]
[EventDate "2019.08.25"]
[EventType "swiss"]
[EventCountry "SVK"]
[SourceTitle "playchess.com"]
[Source "ChessBase"]
[SourceQuality "1"]
[TimeControl "40/5400+30:1800+30"]

1. e4 e5 2. Nf3 Nc6 3. Bc4 Bc5 4. c3 Nf6 5. d3 O-O 6. O-O d6 7. Nbd2 a6 8. Bb3 Kh8 9. Nc4 Ba7 10. h3 Ne7 11. Bg5 Ng6 12. Nh4 Ne7 1/2-1/2

[Event "Skalica Open 2019"]
[Site "Skalica"]
[Date "2019.08.26"]
[Round "3.4"]
[White "Potapov, Pavel"]
[Black "Aleksandrovskiy, Dmitriy"]
[Result "1/2-1/2"]
[ECO "C17"]
[WhiteElo "2496"]
[BlackElo "2284"]
[Annotator "ChessBase"]
[PlyCount "32"]
[EventDate "2019.08.25"]
[EventType "swiss"]
[EventCountry "SVK"]
[SourceTitle "playchess.com"]
[Source "ChessBase"]
[SourceQuality "1"]
[TimeControl "40/5400+30:1800+30"]

1. e4 e6 2. d4 d5 3. Nc3 Bb4 4. e5 c5 5. a3 Ba5 6. b4 cxd4 7. Qg4 Kf8 8. Nb5 Bc7 9. Qxd4 Ne7 10. f4 Bb6 11. Qd3 Nf5 12. Nf3 Nc6 13. g4 Nh4 14. Nxh4 Qxh4+ 15. Qg3 Qxg3+ 16. hxg3 Nd4 1/2-1/2

[Event "Skalica Open 2019"]
[Site "Skalica"]
[Date "2019.08.26"]
[Round "3.5"]
[White "Kuznetsov, Mikhail V."]
[Black "Vykouk, Jan"]
[Result "0-1"]
[ECO "E15"]
[WhiteElo "2261"]
[BlackElo "2477"]
[Annotator "ChessBase"]
[PlyCount "58"]
[EventDate "2019.08.25"]
[EventType "swiss"]
[EventCountry "SVK"]
[SourceTitle "playchess.com"]
[Source "ChessBase"]
[SourceQuality "1"]
[TimeControl "40/5400+30:1800+30"]

1. d4 Nf6 2. Nf3 e6 3. c4 b6 4. g3 Ba6 5. Qa4 Bb7 6. Bg2 c5 7. O-O cxd4 8. Nxd4 Bxg2 9. Kxg2 Bc5 10. Rd1 O-O 11. Nc3 Qc7 12. Bg5 Ng4 13. b4 Bxd4 14. Rxd4 Ne5 15. Be7 Rc8 16. Bd6 Qb7+ 17. Kg1 Nxc4 18. Bxb8 Qxb8 19. Qb3 d5 20. e4 Ne5 21. Kg2 Qc7 22. Rc1 dxe4 23. Rcd1 e3 24. fxe3 Qc6+ 25. e4 h6 26. Ne2 Kh7 27. b5 Qc2 28. R1d2 Qc5 29. Kh3 Nc4 0-1

[Event "Skalica Open 2019"]
[Site "Skalica"]
[Date "2019.08.26"]
[Round "3.6"]
[White "Pechac, Jergus"]
[Black "Istona, Martin"]
[Result "1-0"]
[ECO "D85"]
[WhiteElo "2471"]
[BlackElo "2235"]
[Annotator "ChessBase"]
[PlyCount "83"]
[EventDate "2019.08.25"]
[EventType "swiss"]
[EventCountry "SVK"]
[SourceTitle "playchess.com"]
[Source "ChessBase"]
[SourceQuality "1"]
[TimeControl "40/5400+30:1800+30"]

1. d4 Nf6 2. c4 g6 3. Nc3 d5 4. cxd5 Nxd5 5. e4 Nxc3 6. bxc3 Bg7 7. Be3 c5 8. Rc1 O-O 9. Nf3 Qa5 10. Qd2 Nd7 11. d5 Nf6 12. Bd3 e6 13. c4 Qxd2+ 14. Nxd2 b6 15. f3 exd5 16. cxd5 Nd7 17. O-O f5 18. Bb5 f4 19. Bf2 Ne5 20. Rfd1 g5 21. Nc4 Rd8 22. a4 Bd7 23. Bxd7 Rxd7 24. a5 Rb8 25. h4 h6 26. Nxe5 Bxe5 27. Kh2 Kf7 28. Kh3 Kf6 29. Rb1 bxa5 30. Rxb8 Bxb8 31. Bxc5 Be5 32. Rb1 Rc7 33. Rb5 Bc3 34. Bf8 gxh4 35. Bd6 Rg7 36. Bxf4 Be5 37. Bxe5+ Kxe5 38. Rxa5 Kf4 39. d6 Rd7 40. Rf5+ Ke3 41. e5 a5 42. e6 1-0